 Dungeon Crawl Stone Soup version 0.21.1-1-g345015f (webtiles) character file.

2 shakethe the Grave Robber (level 1, 0/13 HPs)
             Began as a Demonspawn Necromancer on Feb 19, 2018.
             Slain by a dart slug (1 damage)
             ... on level 1 of the Dungeon.
             The game lasted 00:00:50 (115 turns).

shakethe the Grave Robber (Demonspawn Necromancer)   Turns: 115, Time: 00:00:51

Health: 0/13       AC:  2    Str:  8    XL:     1   Next: 25%
Magic:  0/3        EV: 12    Int: 16    God:
Gold:   0          SH:  0    Dex: 17    Spells: 3/4 levels left

rFire    . . .     SeeInvis .   g - +0 short sword
rCold    . . .     Gourm    .   (no shield)
rNeg     . . .     Faith    .   a - +0 robe
rPois    .         Spirit   .   (no helmet)
rElec    .         Reflect  .   (no cloak)
rCorr    .         Harm     .   (no gloves)
MR       .....                  (no boots)
Stlth    ++........             (no amulet)
HPRegen  0.04/turn              d - +4 ring of dexterity
MPRegen  0.08/turn              (no ring)

@: no status effects
A: no striking features
a: no special abilities


You were on level 1 of the Dungeon.
You were not hungry.

You visited 1 branch of the dungeon, and saw 1 of its levels.

Inventory:

Hand Weapons
 g - a +0 short sword (weapon)
   (You took it off a kobold on level 1 of the Dungeon)
Missiles
 h - 5 stones (quivered)
Armour
 a - a +0 robe (worn)
Jewellery
 d - a +4 ring of dexterity (left hand)
   (You found it on level 1 of the Dungeon)
Scrolls
 f - a scroll of remove curse {unknown}
Books
 b - a book of Necromancy
Comestibles
 c - a ration


   Skills:
 + Level 0.3 Fighting
 - Level 1.7 Dodging
 - Level 1.7 Stealth
 - Level 2.0 Spellcasting
 + Level 4.4 Necromancy


You had 3 spell levels left.
You knew the following spells:

 Your Spells              Type           Power        Failure   Level  Hunger
a - Pain                  Necr           ###.         3%          1    #......


Dungeon Overview and Level Annotations

Branches:
Dungeon (1/15)

Altars:


Message History

Welcome, shakethe the Demonspawn Necromancer.
Will you prevail where others failed? Will you find the Orb of Zot?
Found a staircase leading out of the dungeon.
d - a jade ring
e - a mace You open the gate.
There is an open gate here.
A kobold comes into view. It is wielding a short sword.
The kobold throws a stone.
The stone hits you but does no damage.
You see here a stone.
The kobold throws a stone.
The stone closely misses you.
The kobold throws a stone.
The stone barely misses you.
Aim: a kobold, wielding a short sword (chance to defeat MR: 85%)
The kobold writhes in agony!
You kill the kobold!
You take 1 damage, and have 12/13 hp.
You now have 2/3 mp.
f - a scroll labeled CAPONO REFU LIO MP restored: 3
g - a short sword
Things that are here:
2 stones; a kobold corpse
h - 2 stones Drop what? 8/52 slots (_ for help) (? for menu, Esc to quit)
You drop a mace.
Health restored: 13
g - a +0 short sword (weapon)
You feel agile.
d - a +4 ring of dexterity (left hand)
h - 3 stones (gained 1)
h - 5 stones (gained 2)
A frilled lizard comes into view.
A dart slug comes into view.
The dart slug launches a dart at you. The slug dart misses you.
Aim: a frilled lizard (chance to defeat MR: 85%)
The frilled lizard writhes in agony!
You kill the frilled lizard!
You take 1 damage, and have 12/13 hp.
You now have 2/3 mp.
The dart slug launches a dart at you. The slug dart hits you!
You take 3 damage, and have 9/13 hp.
MASSIVE DAMAGE!!
Aim: a dart slug (chance to defeat MR: 85%)
The dart slug writhes in agony!
You take 1 damage, and have 8/13 hp.
You now have 1/3 mp.
Aim: a dart slug (lightly wounded, clinging, chance to defeat MR: 85%)
The dart slug writhes in agony!
You take 1 damage, and have 7/13 hp.
You now have 0/3 mp.
You don't have enough magic to cast that spell.
That item cannot be evoked!
The dart slug bites you.
You take 3 damage, and have 4/13 hp.
MASSIVE DAMAGE!!
You hit the dart slug but do no damage. The dart slug bites you.
* * * LOW HITPOINT WARNING * * *
You take 3 damage, and have 1/13 hp.
MASSIVE DAMAGE!!
You hit the dart slug. The dart slug bites you.
You die...

#.#.#.#.# ...#######
#.....#.#
.......).#######..###.#
.#.#####.....# #.## #.#
##.#.#####.....###.#
#.#
...................#
#.#
.#.#.##.##.....#####
..# .#.#.##.##.....#
### ........w@.#####
.#.####.#### #.# #.#
... ..# ####


You could see a dart slug.

Vanquished Creatures
  A kobold (D:1)
  A frilled lizard (D:1)
2 creatures vanquished.

Notes
Turn   | Place    | Note
-------+----------+-------------------------------------------
     0 | D:1      | shakethe the Demonspawn Necromancer began the quest for the Orb.
     0 | D:1      | Reached XP level 1. HP: 13/13 MP: 3/3
   114 | D:1      | HP: 1/13 [dart slug (3)]
   115 | D:1      | Slain by a dart slug

Action                   || total
-------------------------++-------
Melee: Short sword       ||     2
 Cast: Pain              ||     4
Armor: Robe              ||     1
Dodge: Dodged            ||     3

Vault maps used:
D:1:      kennysheep_arrival_seaside, minmay_misc_feat_secret_circle

Table legend:
 A = Turns spent in this place as a percentage of turns spent in the entire game.
 B = Non-inter-level travel turns spent in this place as a percentage of non-inter-level travel turns spent in the entire game.
 C = Inter-level travel turns spent in this place as a percentage of turns spent in this place.
 D = Turns resting spent in this place as a percentage of non-inter-level travel turns spent in this place.
 E = Turns spent auto-exploring this place as a percentage of non-inter-level travel turns spent in this place.
 F = Non-inter-level travel turns spent in this place divided by the number of levels of this place that you've seen.
                   A       B       C       D       E      F
               +-------+-------+-------+-------+-------+----------------------
         Total | 100.0 | 100.0 |   0.0 |   0.0 |  44.3 | 115.0
       Dungeon | 100.0 | 100.0 |   0.0 |   0.0 |  44.3 | 115.0
               +-------+-------+-------+-------+-------+----------------------

Table legend:
 A = Kills in this place as a percentage of kills in entire the game.
 B = Kills by you in this place as a percentage of kills by you in the entire game.
 C = Kills by friends in this place as a percentage of kills by friends in the entire game.
 D = Other kills in this place as a percentage of other kills in the entire game.
 E = Experience gained in this place as a percentage of experience gained in the entire game.
 F = Experience gained in this place divided by the number of levels of this place that you have seen.
                   A       B       C       D       E      F
               +-------+-------+-------+-------+-------+----------------------
         Total | 100.0 | 100.0 |   N/A |   N/A | 100.0 |   3.0
       Dungeon | 100.0 | 100.0 |   N/A |   N/A | 100.0 |   3.0
               +-------+-------+-------+-------+-------+----------------------
